 Dungeon Crawl Stone Soup version 0.31-a0-233-g139696dc86 (webtiles) character file.

Game seed: 3927105507022675185

203 qw the Shooter (level 5, -3/45 HPs)
             Began as a Gargoyle Hexslinger on July 9, 2023.
             Was an Initiate of Okawaru.
             Slain by Edmund
             ... wielding a +5 flail of protection
              (19 damage)
             ... on level 4 of the Dungeon.
             The game lasted 00:01:07 (2113 turns).

qw the Shooter (Gargoyle Hexslinger)                Turns: 2113, Time: 00:01:07

Health: -3/45      AC: 22    Str: 12    XL:     5   Next: 81%
Magic:  6/6        EV:  2    Int: 13    God:    Okawaru [......]
Gold:   38         SH:  0    Dex: 14    Spells: 5/6 levels left

rFire   . . .        Y - +1 sling
rCold   + . .        (no shield)
rNeg    + . .        g - melded +3 ring mail
rPois   inf          (helmet currently unavailable)
rElec   .            k - melded +1 cloak
rCorr   .            (gloves currently unavailable)
SInv    .            l - melded +2 pair of boots
Will    .....        d - amulet of faith
Stlth   +            a - ring of protection from cold
HPRegen 0.27/turn    (no ring)
MPRegen 0.10/turn

%: faith
@: tree-form (expiring)
A: stationary, stasis, torment immunity, boosted hp, sickness immunity, AC +4,
negative energy resistance 1, (electricity resistance), torment resistance 1,
petrification resistance
a: Renounce Religion


You were on level 4 of the Dungeon.
You worshipped Okawaru.
Okawaru was noncommittal.
You were a tree.
You visited 1 branch of the dungeon, and saw 4 of its levels.

You collected 164 gold pieces.
You spent 126 gold pieces at shops.


Innate Abilities, Weirdness & Mutations

You are a tree.
Your roots penetrate the ground, keeping you stationary.
You cannot be teleported.
You are immune to unholy pain and torment.
Your maximum health is greatly increased.
Your equipment is partially melded.
You are immune to sickness and miasma.
((Your stone body is resilient. (AC +4)))
You are immune to poison.
You resist negative energy. (rN+)
((You are resistant to electric shocks. (rElec)))
You are resistant to unholy torment.
You are immune to petrification.


   Skills:
 + Level 2.0 Fighting
 - Level 5.3 Ranged Weapons
 - Level 1.3 Armour
 - Level 1.5 Dodging
 - Level 1.0 Spellcasting
 - Level 2.6 Hexes


You had 5 spell levels left.
You knew the following spells:

 Your Spells              Type           Power      Damage    Failure   Level
a - Slow                  Hex            28%        N/A       10%         1

Your spell library contained the following spells:

 Spells                   Type           Power      Damage    Failure   Level
 Inner Flame              Hex/Fire       4%         N/A       43%         3
 Portal Projectile        Hex/Tloc       8%         N/A       43%         3
 Cause Fear               Hex            3%         N/A       67%         4

Inventory:

Hand Weapons
 Y - a +1 sling (weapon)
Armour
 g - a +3 ring mail (melded)
 k - a +1 cloak (melded)
 l - a +2 pair of boots (melded)
Jewellery
 a - a ring of protection from cold (left branch)
 d - an amulet of faith (around neck)
Scrolls
 h - a scroll of teleportation
 j - a scroll of identify
Potions
 b - a potion of curing
 c - a potion of heal wounds {unknown}
 e - a potion of mutation {unknown}
 i - a potion of haste {unknown}

Dungeon Overview and Level Annotations

Branches:
Dungeon (4/15)
 Temple: D:4-7

Altars:
Okawaru
Sif Muna

Shops:
D:3 [

Annotations:
D:4 Edmund


Message History

The orc is almost dead.
You shoot a sling bullet.
The sling bullet closely misses the orc.
You shoot a sling bullet. The sling bullet hits the orc.
You kill the orc!
Okawaru accepts your kill.
Found an escape hatch in the ceiling.
Things that are here:
a +1 heavy falchion; a +0 leather armour Edmund the Younger comes into view.
He is wielding a +5 flail of protection and carrying a wand of polymorph (6).
Edmund zaps a wand.
You resist with some effort.
You shoot a sling bullet. The sling bullet closely misses Edmund.
You shoot a sling bullet.
The sling bullet hits Edmund but does no damage.
Edmund zaps a wand.
You turn into a tree.
Your +1 cloak melds into your body.
Your +2 pair of boots melds into your body.
Your +3 ring mail melds into your body.
Your roots penetrate the ground.
Edmund says, "Everyone always remembers my brother. 'Who's Edmund?' they ask!"
You shoot a sling bullet. The sling bullet barely misses Edmund.
You shoot a sling bullet. The sling bullet closely misses Edmund.
You shoot a sling bullet. The sling bullet closely misses Edmund.
You shoot a sling bullet. The sling bullet closely misses Edmund.
Edmund drinks a potion.
Edmund seems to grow stronger.
You shoot a sling bullet.
The sling bullet hits Edmund but does no damage.
You shoot a sling bullet. The sling bullet hits Edmund.
Edmund is lightly wounded.
Edmund hits you with a +5 flail of protection!
You shoot a sling bullet.
The sling bullet hits Edmund but does no damage.
Edmund is lightly wounded.
Edmund hits you with a +5 flail of protection.
Edmund completely misses you.
You shoot a sling bullet. The sling bullet barely misses Edmund.
Edmund hits you with a +5 flail of protection!
You shoot a sling bullet. The sling bullet hits Edmund.
Edmund is lightly wounded.
Your transformation is almost over.
Edmund hits you with a +5 flail of protection!!
You die...

#..#.#.#.# #..#.#.#.#
......#.## . #....... ..
##...... #
...#......##.#.##
#................
#...<..7@....#
###....###.### ##.#)# .###
####.# ..# #..#.# #.#
#.####..#.# #.###########
..........# #............
........#######%###########
#.#####.# #.......#


You could see Edmund (strong).

Vanquished Creatures
  A scorpion (D:4)
  6 adders
  2 worms (D:2)
  3 dart slugs
  3 orcs
  5 endoplasms
  6 giant cockroaches
  7 goblins
  10 hobgoblins
  3 jackals (D:2)
  3 quokkas
  4 ball pythons
  5 bats
  A frilled lizard (D:2)
  4 kobolds
  4 rats
67 creatures vanquished.

Notes
Turn   | Place    | Note
-------+----------+-------------------------------------------
     0 | D:1      | qw the Gargoyle Hexslinger began the quest for the Orb.
     0 | D:1      | Reached XP level 1. HP: 12/12 MP: 2/2
     0 | D:1      | 0 ||| qw: Version: 0.3-a-51-g015441d
     0 | D:1      | 0 ||| qw: Game counter: 3836
     0 | D:1      | 0 ||| qw: Melee chars always use a shield: true
     0 | D:1      | 0 ||| qw: God list: Okawaru
     0 | D:1      | 0 ||| qw: Allow faded altars: false
     0 | D:1      | 0 ||| qw: Do Orc after clearing Dungeon:15 true
     0 | D:1      | 0 ||| qw: Do second Lair branch before Depths: true
     0 | D:1      | 0 ||| qw: Lair rune preference: random
     0 | D:1      | 0 ||| qw: Goals: Normal
     0 | D:1      | 0 ||| PLANNING D:1-11
   101 | D:1      | Reached XP level 2. HP: 16/16 MP: 3/3
   103 | D:1      | Found a faded altar of an unknown god.
   249 | D:1      | Reached skill level 3 in Ranged Weapons
   308 | D:1      | Reached XP level 3. HP: 21/21 MP: 4/4
   425 | D:1      | 425 ||| UPGRADING to +0 leather armour.
   435 | D:1      | 435 ||| DROPPING +0 robe.
   436 | D:1      | 436 ||| UPGRADING to amulet of faith.
   441 | D:1      | 441 ||| READING scroll labelled NILLEDDAAN.
   445 | D:1      | 445 ||| READING scroll labelled LYEBEO XUGUEP.
   446 | D:1      | 446 ||| READING scroll labelled CULIDD WEFELUNAO.
   447 | D:1      | 447 ||| READING scroll labelled CAXOOCV SAZEO.
   448 | D:1      | 448 ||| DROPPING scroll of poison.
   510 | D:2      | HP: 5/21 [hobgoblin (4)]
  1031 | D:2      | Reached XP level 4. HP: 21/26 MP: 5/5
  1074 | D:2      | Found a shimmering blue altar of Sif Muna.
  1121 | D:2      | Reached skill level 4 in Ranged Weapons
  1401 | D:2      | 1401 ||| UPGRADING to ring of protection from cold.
  1402 | D:2      | 1402 ||| READING scroll labelled RIARREPLIA.
  1403 | D:2      | 1403 ||| READING scroll labelled IFATHR RIQOIDU.
  1404 | D:2      | 1404 ||| READING scroll labelled ILUTRE QAAGAD.
  1445 | D:3      | 1445 ||| STAIRDANCE
  1579 | D:3      | Found an iron altar of Okawaru.
  1580 | D:3      | 1580 ||| PLANNING OKAWARU WORSHIP
  1596 | D:3      | 1596 ||| UPGRADING to +3 ring mail.
  1606 | D:3      | 1606 ||| DROPPING +0 leather armour.
  1607 | D:3      | 1607 ||| READING scroll labelled LAIC URYRPHE.
  1619 | D:3      | Became a worshipper of Warmaster Okawaru
  1620 | D:3      | 1620 ||| PLANNING D:1-11
  1749 | D:3      | Reached skill level 1 in Armour
  1749 | D:3      | Reached XP level 5. HP: 30/30 MP: 6/6
  1956 | D:3      | Found Ewuekkeh's Armour Shop.
  1964 | D:3      | 1964 ||| BUYING +0 cloak (63 gold).
  1964 | D:3      | Bought a +0 cloak for 63 gold pieces
  1964 | D:3      | 1964 ||| BUYING +0 pair of boots (63 gold).
  1964 | D:3      | Bought a +0 pair of boots for 63 gold pieces
  1964 | D:3      | 1964 ||| SHOPLISTING +2 cloak (231 gold, have 20).
  1964 | D:3      | 1964 ||| SHOPLISTING +3 leather armour of cold resistance
                  | (336 gold, have 20).
  1964 | D:3      | 1964 ||| SHOPLISTING +5 ring mail "Lusmogou" {rCorr Int+2
                  | Stlth+} (680 gold, have 20).
  1964 | D:3      | 1964 ||| SHOPLISTING +5 robe of Dice, Bag, and Bottle {Fly
                  | rF+} (585 gold, have 20).
  1994 | D:3      | 1994 ||| UPGRADING to +0 cloak.
  1999 | D:3      | 1999 ||| UPGRADING to +0 pair of boots.
  2004 | D:3      | 2004 ||| READING 3 scrolls of enchant armour.
  2004 | D:3      | 2004 ||| ENCHANTING +0 pair of boots.
  2005 | D:3      | 2005 ||| READING 2 scrolls of enchant armour.
  2005 | D:3      | 2005 ||| ENCHANTING +1 pair of boots.
  2006 | D:3      | 2006 ||| READING scroll of enchant armour.
  2006 | D:3      | 2006 ||| ENCHANTING +0 cloak.
  2007 | D:3      | 2007 ||| DRINKING 2 lumpy inky potions.
  2045 | D:4      | Reached skill level 5 in Ranged Weapons
  2102 | D:4      | Noticed Edmund
  2113 | D:4      | Slain by Edmund

Levels and vault maps discovered:
D:1:      minmay_arrival_stair_chambers, layout_rooms,
          ebering_ecumenical_altar_webs, serial_forest, infiniplex_forest_end_1,
          infiniplex_forest_lined_1, infiniplex_forest_lined_2,
          infiniplex_forest_lined_room_, infiniplex_forest_corner_2,
          infiniplex_forest_lined_room_2
D:2:      cheibrodos_helix_gallery, layout_basic, basic_altar,
          kennysheep_path_1, due_unseen_surprise
D:3:      layout_rooms, mainiacjoe_overflow_brackets, serial_shops, shop,
          serial_bayou_pond_e, minmay_misc_feat_secret_circle,
          grunt_ministairs_3
D:4:      layout_loops_ring, serial_shops, kennysheep_mini_moat, uniq_edmund

Skill      XL: |  1  2  3  4  5 |
---------------+----------------+-----
Ranged Weapons | 3 4 5 |  5.3
Fighting       | 2 |  2.0
Armour         | 1 |  1.3
Dodging        | |  1.5
Spellcasting   | |  1.0
Hexes          | |  2.6

Action                     |  1- 3 |  4- 6 || total
---------------------------+-------+-------++-------
   Fire: Sling             |   147 |   146 ||   293
    Use: Scroll            |     4 |     7 ||    11
         Potion            |       |     1 ||     1
 Armour: Robe              |     6 |       ||     6
         Leather armour    |    15 |    13 ||    28
         Ring mail         |       |    47 ||    47
  Dodge: Dodged            |    60 |    49 ||   109

Table legend:
 A = Non-vault XP
 B = Vault XP
 C = Vault XP percentage of total XP
 D = Non-vault monster count
 E = Vault monster count
 F = Vault count percentage of total count
                 A         B        C        D         E       F
            +---------+---------+-------+---------+---------+-------
      Total |     282 |       8 |   2.8 |      63 |       4 |   6.0
            +---------+---------+-------+---------+---------+-------
        D:1 |      36 |       0 |   0.0 |      18 |       0 |   0.0
        D:2 |      65 |       8 |  11.0 |      20 |       4 |  16.7
        D:3 |      89 |       0 |   0.0 |      22 |       0 |   0.0
        D:4 |      92 |       0 |   0.0 |       3 |       0 |   0.0
            +---------+---------+-------+---------+---------+-------
